 Dungeon Crawl Stone Soup version 0.29-a0-551-gffc1d7fb78 (webtiles) character file.

Game seed: 9356130109757406298

52 Anon1729 the Cudgeller (level 3, -1/33 HPs)
             Began as a Minotaur Monk on June 5, 2022.
             Was a Believer of Okawaru.
             Slain by an orc
             ... wielding a +0 falchion
              (6 damage)
             ... on level 3 of the Dungeon.
             The game lasted 00:01:31 (1307 turns).

Anon1729 the Cudgeller (Minotaur Monk)              Turns: 1307, Time: 00:01:32

Health: -1/33      AC:  6    Str: 17    XL:     3   Next: 60%
Magic:  2/2        EV: 10    Int:  7    God:    Okawaru [**....]
Gold:   137        SH:  0    Dex: 12    Spells: 2/2 levels left

rFire   . . .      SeeInvis .   a - +0 mace
rCold   . . .      Faith    .   (no shield)
rNeg    . . .      Spirit   .   e - +0 scale mail
rPois   .          Reflect  .   (helmet restricted)
rElec   .          Harm     .   (no cloak)
rCorr   .          Rampage  .   (no gloves)
Will    .....                   (no boots)
Stlth   ..........              (no amulet)
HPRegen 0.11/turn               (no ring)
MPRegen 0.08/turn               (no ring)

@: no status effects
A: horns 2, retaliatory headbutt
a: Renounce Religion, Heroism


You were on level 3 of the Dungeon.
You worshipped Okawaru.
Okawaru was pleased with you.
You visited 1 branch of the dungeon, and saw 3 of its levels.

You collected 137 gold pieces.

Inventory:

Hand Weapons
 a - a +0 mace (weapon)
Missiles
 i - 4 poisoned darts (quivered)
Armour
 b - a +0 robe
 e - a +0 scale mail (worn)
Scrolls
 d - 2 scrolls of identify {unknown}
 g - a scroll of noise {unknown}
 k - a scroll of enchant armour {unknown}
 l - a scroll of amnesia {unknown}
Potions
 f - a potion of haste {unknown}
 h - a potion of flight {unknown}
 j - a potion of lignification {unknown}
 m - a potion of mutation {unknown}


   Skills:
 + Level 4.1 Fighting
 * Level 4.5 Maces & Flails
 + Level 1.5 Armour
 - Level 3.2 Dodging
 - Level 1.5 Stealth
 * Level 1.1 Invocations


You had 2 spell levels left.
You didn't know any spells.
Your spell library was empty.

Dungeon Overview and Level Annotations

Branches:
Dungeon (3/15)

Altars:
Nemelex Xobeh
Okawaru


Innate Abilities, Weirdness & Mutations

You have a pair of horns on your head.
You reflexively headbutt those who attack you in melee.


Message History

The orc attacks as you move away! The orc hits you with a +4 dagger.
* * * LOW HITPOINT WARNING * * *
You completely miss the orc.
The orc is heavily wounded.
The orc hits you with a +4 dagger.
You bump into the rock wall.
The orc barely misses you.
You bump into the rock wall.
The orc closely misses you.
You bump into the rock wall.
The orc hits you with a +4 dagger.
You bump into the rock wall.
The orc hits you with a +4 dagger.
You barely miss the orc. Your headbutt misses the orc.
The orc is heavily wounded.
You feel less invigorated.
You feel less confused.
You closely miss the orc. The orc hits you with a +4 dagger.
The orc hits you but does no damage.
You barely miss the orc. The orc hits you with a +0 falchion.
The orc hits you with a +4 dagger.
You barely miss the orc.
The orc is heavily wounded.
The orc hits you with a +0 falchion. The orc hits you with a +4 dagger.
The orc closely misses you. The orc barely misses you.
You hit the orc but do no damage.
The orc is heavily wounded.
The orc hits you with a +4 dagger.
* * * LOW HITPOINT WARNING * * *
The orc barely misses you.
Okay, then.
Unknown command.
Okay, then.
Okay, then.
Unknown command.
Unknown command.
You hit the orc. Your headbutt misses the orc.
The orc is severely wounded.
The orc completely misses you. The orc barely misses you.
You barely miss the orc. You headbutt the orc.
You kill the orc!
Okawaru accepts your kill. The orc hits you with a +0 falchion.
You die...

..##.#####.###
####†#..>....####
................#
####.##.##.#.##.#
...........#.##.# #
##.......###.##.# ..#
##........##.##.## #####...#
.#........##.†...###........
..........#####.@oZ).)......
.#........# ####)###........
..........# #..<..######...#
.#.......####.##.## ..#
##.###.......†#### # ...#
#.#####..# ##.# #.#####..#
...# #.##.....#
##.###.##.##.##


You could see an orc and a ball python skeleton.

Vanquished Creatures
  An adder (D:2)
  5 orcs (D:3)
  4 endoplasms
  4 giant cockroaches
  3 goblins (D:1)
  2 hobgoblins
  2 kobolds
  A quokka (D:1)
  3 ball pythons
  5 bats
  A frilled lizard (D:1)
  6 rats
37 creatures vanquished.

Notes
Turn   | Place    | Note
-------+----------+-------------------------------------------
     0 | D:1      | Anon1729 the Minotaur Monk began the quest for the Orb.
     0 | D:1      | Reached XP level 1. HP: 19/19 MP: 0/0
   242 | D:1      | Reached XP level 2. HP: 27/27 MP: 1/1
   327 | D:1      | Reached skill level 1 in Armour
   466 | D:1      | Found a faded altar of an unknown god.
   673 | D:1      | Prayed at the altar of an unknown god.
   673 | D:1      | Became a worshipper of Warmaster Okawaru
   673 | D:1      | Reached * piety under Okawaru
   673 | D:1      | Reached ** piety under Okawaru
   816 | D:2      | Reached XP level 3. HP: 22/33 MP: 2/2
  1173 | D:3      | Reached skill level 1 in Invocations
  1205 | D:3      | Found a sparkling altar of Nemelex Xobeh.
  1307 | D:3      | Slain by an orc

Illustrated notes

Levels and vault maps discovered:
D:1:      scummos_arrival_simple_crosswalls, layout_loops_ring, serial_rivers,
          chequers_serial_rivers_room_b, chequers_serial_rivers_micro_b,
          chequers_serial_rivers_micro_e, chequers_serial_rivers_room_a,
          chequers_serial_rivers_room_b, ebering_ecumenical_altar_hall
D:2:      layout_basic
D:3:      layout_loops_cross, lemuel_doored_altar, serial_undead,
          serial_undead_a, serial_undead_c, serial_undead_a, serial_undead_a,
          uniq_crazy_yiuf_cottage

Skill      XL: |  1  2  3 |
---------------+----------+-----
Maces & Flails | 4 |  4.5
Armour         | 1 |  1.5
Fighting       | 4 |  4.1
Invocations    | 1 |  1.1
Dodging        | |  3.2
Stealth        | |  1.5

Action                   || total
-------------------------++-------
Melee: Mace              ||    89
       Headbutt          ||    15
  Use: Potion            ||     1
Armor: Scale mail        ||    38
Dodge: Dodged            ||    58

Table legend: (Time is in decaauts)
 A = Elapsed time spent in this place.
 B = Non-inter-level travel time spent in this place.
 C = Inter-level travel time spent in this place.
 D = Time resting spent in this place.
 E = Time spent auto-exploring this place.
 F = Levels seen in this place.
 G = Mean time per level.
                   A        B        C        D        E       F      G
               +--------+--------+--------+--------+--------+-----+--------+
         Total |   1325 |   1207 |    118 |      0 |    957 |   3 |  441.7 |
       Dungeon |   1325 |   1207 |    118 |      0 |    957 |   3 |  441.7 |
               +--------+--------+--------+--------+--------+-----+--------+

Top non-repeatable levels by time:
     D:1: 748 daAuts
     D:2: 397 daAuts
     D:3: 180 daAuts
